 Dungeon Crawl Stone Soup version 0.28.0-53-g5a82cb258f (webtiles) character file.

Game seed: 2258437988277618824

129 Peloso the Slasher (level 4, 0/41 HPs)
             Began as a Minotaur Fighter on June 5, 2022.
             Slain by an orc wizard
             ... wielding a +0 dagger
              (2 damage)
             ... on level 3 of the Dungeon.
             The game lasted 00:04:06 (2442 turns).

Peloso the Slasher (Minotaur Fighter)               Turns: 2442, Time: 00:04:06

Health: 0/41       AC: 10    Str: 18 (20) XL:     4   Next: 88%
Magic:  3/3        EV:  9    Int:  5      God:
Gold:   104        SH:  4    Dex: 11 (12) Spells: 3/3 levels left

rFire   . . .      SeeInvis .   a - +0 long sword
rCold   . . .      Faith    .   c - +0 buckler
rNeg    . . .      Spirit   .   b - +0 scale mail
rPois   .          Reflect  .   (helmet restricted)
rElec   .          Harm     .   e - +2 cloak
rCorr   .          Rampage  .   (no gloves)
Will    .....                   (no boots)
Stlth   ..........              (no amulet)
HPRegen 0.13/turn               (no ring)
MPRegen 0.08/turn               (no ring)

@: no status effects
A: horns 2, retaliatory headbutt
a: no special abilities


You were on level 3 of the Dungeon.
You visited 1 branch of the dungeon, and saw 3 of its levels.

You collected 104 gold pieces.

Inventory:

Hand Weapons
 a - a +0 long sword (weapon)
Armour
 b - a +0 scale mail (worn)
 c - a +0 buckler (worn)
 e - a +2 cloak (worn)
Scrolls
 f - a scroll of amnesia {unknown}
 g - 3 scrolls of identify {unknown}
 j - a scroll of teleportation {unknown}
 k - a scroll of fog {unknown}
Potions
 d - a potion of might
 h - a potion of attraction {unknown}


   Skills:
 + Level 4.3 Fighting
 + Level 4.7 Long Blades
 + Level 4.2 Armour
 + Level 0.4 Dodging
 + Level 4.2 Shields


You had 3 spell levels left.
You didn't know any spells.
Your spell library was empty.

Dungeon Overview and Level Annotations

Branches:
Dungeon (3/15)

Altars:

Annotations:
D:2 1 runed translucent door, Crazy Yiuf


Innate Abilities, Weirdness & Mutations

You have a pair of horns on your head.
You reflexively headbutt those who attack you in melee.


Message History

The orc closely misses you. Something hits you.
* * * LOW HITPOINT WARNING * * *
The orc barely misses you. You furiously retaliate!
You headbutt the orc!
You kill the orc!
Unknown command.
Unknown command.
You hit something but do no damage. Your headbutt misses something.
Something hits you but does no damage.
Unknown command.
You completely miss something. Your headbutt misses something.
You hear some strange, mumbled words.
You are confused.
Something hits you but does no damage.
Unknown command.
Something hits you.
* * * LOW HITPOINT WARNING * * *
You see here a rat corpse.
Unknown command.
You bump into the rock wall.
You hear some strange, mumbled words.
Something tries to affect you, but you resist.
Unknown command.
You bump into the rock wall.
Something hits you.
* * * LOW HITPOINT WARNING * * *
Unknown command.
You miss something. Something hits you but does no damage.
Unknown command.
Okay, then.
You feel less confused. Something hits you but does no damage.
You slash something! Your headbutt misses something.
You block something's attack.
You closely miss something. Something hits you but does no damage.
You miss something.
Something hits you but does no damage. x2
You closely miss something. Something completely misses you.
You miss something. Your headbutt misses something. Something hits you.
* * * LOW HITPOINT WARNING * * *
You barely miss something. Something hits you but does no damage.
You closely miss something. Your headbutt misses something. Something hits you.
You die...

..)..#
#.##.#.......#####.
###..###.##.#........##
....... #.............#
###>.###.#.......##...#
###.†# #........## #..##
...<.###....#[..## ...##
##.........###..)###.....
#.........# ##){†....###
#....##.... #.@....##
#...####... #..##..#
...## #.. ....# #.# ...#
.......## .# .)..#
...##### # .....# ..
....... . ........
....#####


There were no monsters in sight!

Vanquished Creatures
  An orc priest (D:3)
  Robin (D:2)
  2 adders (D:2)
  A worm (D:2)
  2 orcs (D:3)
  3 bats (D:2)
  3 endoplasms (D:1)
  6 giant cockroaches
  14 goblins
  5 hobgoblins
  3 jackals (D:1)
  3 quokkas
  A ball python (D:1)
  4 frilled lizards
  5 kobolds
  8 rats
62 creatures vanquished.

Vanquished Creatures (others)
  3 fungi (D:2)
3 creatures vanquished.

Grand Total: 65 creatures vanquished

Notes
Turn   | Place    | Note
-------+----------+-------------------------------------------
     0 | D:1      | Peloso the Minotaur Fighter began the quest for the Orb.
     0 | D:1      | Reached XP level 1. HP: 19/19 MP: 0/0
    89 | D:1      | Reached XP level 2. HP: 19/27 MP: 1/1
   568 | D:1      | Reached XP level 3. HP: 33/33 MP: 2/2
  1151 | D:2      | Noticed Robin
  1161 | D:2      | Reached XP level 4. HP: 35/40 MP: 3/3
  1169 | D:2      | Killed Robin
  2125 | D:2      | Found a runed translucent door.
  2126 | D:2      | Noticed Crazy Yiuf
  2433 | D:3      | HP: 2/41 [something (2)]
  2440 | D:3      | HP: 2/41 [something (1)]
  2442 | D:3      | Slain by an orc wizard

Illustrated notes

Levels and vault maps discovered:
D:1:      wander_arrival_lonely_grave, layout_rooms, glass_columns_a,
          minmay_heptomino_o4
D:2:      layout_basic, uniq_robin, uniq_crazy_yiuf_cottage
D:3:      layout_loops_ring, gammafunk_ghost_split, solitary_fountain,
          chequers_serial_rivers_small_3, hangedman_decor_growths, uniq_sigmund

Skill      XL: |  1  2  3  4 |
---------------+-------------+-----
Shields        | 4 |  4.2
Fighting       | 4 |  4.3
Long Blades    | 3 4 |  4.7
Armour         | 4 |  4.2
Dodging        | |  0.4

Action                   |  1- 3 |  4- 6 || total
-------------------------+-------+-------++-------
Melee: Long sword        |    81 |    62 ||   143
       Headbutt          |     6 |     8 ||    14
  Use: Potion            |     3 |     1 ||     4
Armor: Scale mail        |    46 |    56 ||   102
Dodge: Dodged            |    48 |    30 ||    78
Block: Buckler           |    18 |    15 ||    33
